 Dungeon Crawl Stone Soup version 0.27.1-34-g3ba077fa99 (webtiles) character file.

Game seed: 6792572864905916734

247 squill the Conjurer (level 6, 0/45 HPs)
             Began as a Hill Orc Conjurer on Jan 7, 2022.
             Slain by a centaur skeleton (2 damage)
             ... on level 4 of the Dungeon.
             The game lasted 00:17:45 (4233 turns).

squill the Conjurer (Hill Orc Conjurer)             Turns: 4233, Time: 00:17:45

Health: 0/45       AC:  7    Str: 10    XL:     6   Next: 11%
Magic:  6/10       EV: 11    Int: 20    God:
Gold:   144        SH:  0    Dex:  9    Spells: 2/10 levels left

rFire    . . .     SeeInvis .   u - +0 war axe
rCold    . . .     Faith    .   (no shield)
rNeg     . . .     Spirit   .   a - +0 robe
rPois    .         Reflect  .   b - +2 hat
rElec    .         Harm     .   p - +0 cloak
rCorr    .         Rampage  .   i - +0 pair of gloves
Will     .....                  g - +0 pair of boots
Stlth    +.........             (no amulet)
HPRegen  0.15/turn              (no ring)
MPRegen  0.12/turn              (no ring)

@: no status effects
A: no striking features
a: no special abilities


You were on level 4 of the Dungeon.
You visited 1 branch of the dungeon, and saw 4 of its levels.

You collected 144 gold pieces.

Inventory:

Hand Weapons
 u - a +0 war axe (weapon)
Armour
 a - a +0 robe (worn)
 b - a +2 hat (worn)
 g - a +0 pair of boots (worn)
 i - a +0 pair of gloves (worn)
 p - a +0 cloak (worn)
 r - a +0 leather armour
 s - a +0 ring mail
Wands
 m - a wand of iceblast (8)
Scrolls
 d - 2 scrolls of noise
 e - 2 scrolls of identify {unknown}
 h - a scroll of enchant armour {unknown}
 l - a scroll of immolation
 o - a scroll of teleportation {unknown}
Potions
 c - a potion of brilliance {unknown}
 f - a potion of ambrosia {unknown}
 k - 2 potions of curing {unknown}
 n - a potion of flight {unknown}
 q - a potion of cancellation {unknown}


   Skills:
 * Level 1.5 Armour
 - Level 1.6 Dodging
 - Level 1.5 Stealth
 + Level 2.8 Spellcasting
 + Level 5.3 Conjurations
 + Level 2.3 Hexes
 + Level 1.0 Ice Magic


You had 2 spell levels left.
You knew the following spells:

 Your Spells              Type           Power      Damage    Failure   Level
a - Magic Dart            Conj           96%        1d7       1%          1
b - Searing Ray           Conj           48%        3d5       2%          2
c - Dazzling Flash        Conj/Hex       36%        N/A       9%          3
d - Ensorcelled Hibernat  Hex/Ice        18%        N/A       11%         2

Your spell library contained the following spells:

 Spells                   Type           Power      Damage    Failure   Level
 Corona                   Hex            13%        N/A       5%          1
 Animate Skeleton         Necr           4%         N/A       14%         1
 Apportation              Tloc           4%         N/A       14%         1
 Pain                     Necr           8%         1d4       14%         1
 Summon Small Mammal      Summ           8%         N/A       14%         1
 Mephitic Cloud           Conj/Pois/Air  9%         N/A       22%         3
 Fulminant Prism          Conj/Hex       9%         3d7       30%         4
 Ignite Poison            Fire/Tmut/Pois 2%         N/A       41%         3
 Spider Form              Tmut/Pois      1%         N/A       41%         3
 Iskenderun's Mystic Bla  Conj/Tloc      13%        2d5       43%         4
 Bolt of Magma            Conj/Fire/Erth 4%         4d5       89%         5
 Agony                    Necr           2%         N/A       99%         5
 Excruciating Wounds      Necr           1%         N/A       99%         5
 Shadow Creatures         Summ           N/A        N/A       100%        6
 Starburst                Conj/Fire      6%         6d4       100%        6


Dungeon Overview and Level Annotations

Branches:
Dungeon (4/15)
 Temple: D:4-7

Altars:
Makhleb
Qazlal
Ru
Yredelemnul
The Shining One

Shops:
D:3 *

Annotations:
D:3 1 runed translucent door, Kazon's ghost, amateur HuFi
D:4 Edmund


Message History

Edmund says, "What use are spells, anyway?"
Edmund barely misses you.
Edmund hits you with a +1 dire flail of protection.
You closely miss Edmund.
Edmund is severely wounded.
Edmund hits you with a +1 dire flail of protection!
Edmund says, "What use are spells, anyway?"
There is a stone staircase leading down here.
Edmund says, "Everyone always remembers my brother. 'Who's Edmund?' they ask!"
There is a stone staircase leading up here.
The kobold hits you but does no damage.
There is a stone staircase leading up here.
You closely miss the kobold. The kobold barely misses you.
You hit the kobold.
You kill the kobold!
The centaur skeleton hits you but does no damage.
The centaur skeleton kicks you but does no damage.
Edmund hits you with a +1 dire flail of protection.
The centaur skeleton barely misses you.
The centaur skeleton closely misses you.
You barely miss Edmund.
Edmund is severely wounded.
You slash the centaur skeleton! Edmund barely misses you.
The centaur skeleton closely misses you. x2
Edmund barely misses you.
The centaur skeleton closely misses you.
The centaur skeleton kicks you but does no damage.
You barely miss Edmund.
Edmund is severely wounded.
You hit the centaur skeleton.
The centaur skeleton closely misses you.
The centaur skeleton kicks you but does no damage.
Edmund hits you with a +1 dire flail of protection!
* * * LOW HITPOINT WARNING * * *
Okay, then.
Edmund hits you with a +1 dire flail of protection!
* * * LOW HITPOINT WARNING * * *
The centaur skeleton hits you but does no damage.
The centaur skeleton kicks you.
You die...

###.##........#..##
#..>##..#...##...#
#####.##......##.....
#.....###..........##
#.....# #.#.#.......#
###..##.###............
.................####.#
....#....###.#...## #
#.###.......<..@@# #
#.#..##.#.##Z#
#.........)..#
#.##.######### ## #.#
#.. ###


You could see Edmund and a centaur skeleton.

Vanquished Creatures
  Jessica (D:3)
  Natasha (thrice) (D:3)
  5 gnolls
  An adder (D:2)
  A worm (D:2)
  A dart slug (D:2)
  6 orcs (D:3)
  6 bats
  6 endoplasms
  2 giant cockroaches
  13 hobgoblins
  3 jackals (D:1)
  4 quokkas
  3 ball pythons
  3 frilled lizards
  5 goblins
  8 kobolds
  10 rats
81 creatures vanquished.

Vanquished Creatures (others)
  3 plants (D:3)
3 creatures vanquished.

Grand Total: 84 creatures vanquished

Notes
Turn   | Place    | Note
-------+----------+-------------------------------------------
     0 | D:1      | squill the Hill Orc Conjurer began the quest for the Orb.
     0 | D:1      | Reached XP level 1. HP: 14/14 MP: 3/3
   210 | D:1      | Reached XP level 2. HP: 16/20 MP: 1/4
   249 | D:1      | Learned a level 2 spell: Searing Ray
   847 | D:1      | Reached XP level 3. HP: 26/26 MP: 0/6
   924 | D:1      | Found a faded altar of an unknown god.
   941 | D:1      | Learned a level 3 spell: Dazzling Flash
  2008 | D:2      | Reached skill level 1 in Hexes
  2077 | D:2      | Reached XP level 4. HP: 33/33 MP: 4/7
  2674 | D:3      | Noticed Jessica
  2677 | D:3      | Killed Jessica
  2744 | D:3      | Noticed Natasha
  2748 | D:3      | Killed Natasha
  2749 | D:3      | Reached skill level 5 in Conjurations
  2749 | D:3      | Reached XP level 5. HP: 38/38 MP: 3/8
  2813 | D:3      | Found a runed translucent door.
  2813 | D:3      | Noticed Kazon's ghost (amateur HuFi)
  2959 | D:3      | Learned a level 2 spell: Ensorcelled Hibernation
  3022 | D:3      | Noticed Natasha
  3025 | D:3      | Killed Natasha
  3364 | D:3      | Found Goan's General Store.
  3511 | D:3      | Noticed Natasha
  3514 | D:3      | Killed Natasha
  3605 | D:3      | Found a stormy altar of Qazlal.
  3623 | D:3      | Found a glowing golden altar of the Shining One.
  3623 | D:3      | Found a sacrificial altar of Ru.
  3625 | D:3      | Found a basalt altar of Yredelemnul.
  3905 | D:4      | Found a burning altar of Makhleb.
  3919 | D:4      | Reached skill level 1 in Armour
  3928 | D:4      | Reached skill level 1 in Ice Magic
  3928 | D:4      | Reached XP level 6. HP: 41/45 MP: 1/10
  4165 | D:4      | Noticed Edmund
  4233 | D:4      | HP: 2/45 [Edmund (9)]
  4233 | D:4      | Slain by a centaur skeleton

Illustrated notes

Levels and vault maps discovered:
D:1:      lemuel_arrival_behind_the_door_small, layout_loops_ring,
          hellmonk_ecumenical_altar_prayer_group
D:2:      layout_basic
D:3:      layout_loops_ring, minitemple, serial_shops, shop_fountains,
          ebering_ghost_inner_flame, hangedman_glass_garden, grunt_ministairs_8,
          uniq_jessica, uniq_natasha
D:4:      layout_basic, okawaru_gym_becter, lightli_temple_of_fire,
          grunt_gozag_breadcrumbs, uniq_edmund

Skill      XL: |  1  2  3  4  5 |
---------------+----------------+-----
Spellcasting   | 2 |  2.8
Hexes          | 1 2 |  2.3
Conjurations   | 5 |  5.3
Armour         | 1 |  1.5
Ice Magic      | 1 |  1.0
Dodging        | |  1.6
Stealth        | |  1.5

Action                   |  1- 3 |  4- 6 || total
-------------------------+-------+-------++-------
Melee: Unarmed           |    20 |       ||    20
       Short sword       |    72 |       ||    72
       Hand axe          |    10 |    31 ||    41
       War axe           |       |    18 ||    18
 Cast: Magic Dart        |    56 |    59 ||   115
       Searing Ray       |     2 |    10 ||    12
Evoke: Wand              |       |     3 ||     3
  Use: Potion            |       |     3 ||     3
       Scroll            |       |     1 ||     1
 Stab: Sleeping          |     1 |       ||     1
Armor: Robe              |    43 |    16 ||    59
Dodge: Dodged            |    75 |    48 ||   123
